 Dungeon Crawl Stone Soup version 0.29.1-12-g30fa7ad0bf (webtiles) character file.

Game seed: 7924981991983111400

14 Radix the Digger (level 2, -2/15 HPs)
             Began as a Gargoyle Earth Elementalist on Dec 19, 2022.
             Slain by a gnoll
             ... wielding a +2 vorpal spear
              (3 damage)
             ... on level 1 of the Dungeon.
             The game lasted 00:03:02 (454 turns).

Radix the Digger (Gargoyle Earth Elementalist)       Turns: 454, Time: 00:03:02

Health: -2/15      AC:  4    Str: 11    XL:     2   Next: 41%
Magic:  2/5        EV: 11    Int: 15    God:
Gold:   27         SH:  0    Dex: 10    Spells: 4/5 levels left

rFire   . . .      SeeInvis .   c - +0 short sword
rCold   . . .      Faith    .   (no shield)
rNeg    + . .      Spirit   .   a - +0 robe
rPois   ∞          Reflect  .   (no helmet)
rElec   +          Harm     .   (no cloak)
rCorr   .          Rampage  .   (no gloves)
Will    .....                   (no boots)
Stlth   ++........              (no amulet)
HPRegen 0.05/turn               (no ring)
MPRegen 0.09/turn               (no ring)

@: no status effects
A: sickness immunity, AC +2, negative energy resistance 1, electricity
resistance, torment resistance 1, petrification resistance
a: no special abilities


You were on level 1 of the Dungeon.
You visited 1 branch of the dungeon, and saw 1 of its levels.

You collected 27 gold pieces.

Inventory:

Hand Weapons
 c - a +0 short sword (weapon)
Armour
 a - a +0 robe (worn)
Potions
 b - a potion of magic


   Skills:
 - Level 1.5 Dodging
 - Level 2.1 Stealth
 + Level 2.4 Spellcasting
 - Level 0.7 Transmutations
 + Level 4.1 Earth Magic


You had 4 spell levels left.
You knew the following spells:

 Your Spells              Type           Power      Damage    Failure   Level
a - Sandblast             Erth           28%        2d8       3%          1

Your spell library contained the following spells:

 Spells                   Type           Power      Damage    Failure   Level
 Passwall                 Tmut/Erth      7%         N/A       12%         2
 Stone Arrow              Conj/Erth      16%        3d8       26%         3
 Petrify                  Tmut/Erth      9%         N/A       61%         4


Dungeon Overview and Level Annotations

Branches:
Dungeon (1/15)

Altars:


Innate Abilities, Weirdness & Mutations

You are immune to sickness and miasma.
Your stone body is resilient. (AC +2)
You are immune to poison.
You resist negative energy. (rN+)
You are resistant to electric shocks. (rElec)
You are resistant to unholy torment.
You are immune to petrification.


Message History

Press: ? - help, Q - select action Shift-Dir - straight line, f - goblin
Aim: a goblin, wielding a +0 dagger (77% to hit)
The blast of sand hits the goblin!
You kill the goblin!
A kobold comes into view. It is wielding a +0 short sword.
Aiming: Sandblast (safe; 4% risk of failure)
Press: ? - help, Q - select action Shift-Dir - straight line, f - kobold
Aim: a kobold, wielding a +0 short sword and quivering stones (asleep, 100% to hit)
The blast of sand hits the kobold but does no damage.
The kobold throws a stone.
The stone hits you but does no damage.
Aiming: Sandblast (safe; 4% risk of failure)
Press: ? - help, Q - select action Shift-Dir - straight line, f/p - kobold
Aim: a kobold, wielding a +0 short sword and quivering stones (77% to hit)
The blast of sand hits the kobold!
You kill the kobold!
Unknown command.
Things that are here:
a +0 short sword; 4 stones; a kobold corpse
Found 2 poisoned darts.
You see here 2 poisoned darts.
A gnoll comes into view. It is wielding a +2 vorpal spear.
Aiming: Sandblast (safe; 3% risk of failure)
Press: ? - help, Q - select action Shift-Dir - straight line The blast of sand hits the gnoll.
The gnoll is heavily wounded.
Aiming: Sandblast (safe; 3% risk of failure)
Press: ? - help, Q - select action Shift-Dir - straight line, f - gnoll
Aim: a gnoll, wielding a +2 vorpal spear (heavily wounded, 84% to hit)
The blast of sand hits the gnoll.
The gnoll is severely wounded.
The gnoll hits you from afar with a +2 vorpal spear.
Aiming: Sandblast (safe; 3% risk of failure)
Press: ? - help, Q - select action Shift-Dir - straight line, f/p - gnoll
Aim: a gnoll, wielding a +2 vorpal spear (heavily wounded, 84% to hit)
The blast of sand hits the gnoll.
The gnoll is severely wounded.
The gnoll hits you from afar with a +2 vorpal spear.
* * * LOW HITPOINT WARNING * * *
x2 The gnoll hits you from afar with a +2 vorpal spear.
You die...

### ..# #.# #.#
#.# ###
#.#######.######.
..#
#........@.g.....
..#
########.#.#####..
..# #(.......#.#
..#####.######.#..
........# #.##~~
..######## ..# ~..
.......... ..#
~.##############
..######## ..##
~8#.#.§≈.#~~~~~#
..# ##
#.#.≈≈.#~...~#


You could see a gnoll.

Vanquished Creatures
  A ball python (D:1)
  An endoplasm (D:1)
  A giant cockroach (D:1)
  A goblin (D:1)
  2 hobgoblins (D:1)
  2 quokkas (D:1)
  A frilled lizard (D:1)
  2 kobolds (D:1)
11 creatures vanquished.

Notes
Turn   | Place    | Note
-------+----------+-------------------------------------------
     0 | D:1      | Radix the Gargoyle Earth Elementalist began the quest for
                  | the Orb.
     0 | D:1      | Reached XP level 1. HP: 10/10 MP: 3/3
   217 | D:1      | Reached XP level 2. HP: 15/15 MP: 3/5
   222 | D:1      | Reached skill level 4 in Earth Magic
   454 | D:1      | Slain by a gnoll

Illustrated notes

Levels and vault maps discovered:
D:1:      lightli_arrival_isolated_outpost, layout_basic

Skill      XL: |  1  2 |
---------------+-------+-----
Earth Magic    | 4 |  4.1
Dodging        | |  1.5
Stealth        | |  2.1
Spellcasting   | |  2.4
Transmutations | |  0.7

Action                   || total
-------------------------++-------
Melee: Unarmed           ||     3
 Cast: Sandblast         ||    19
Armor: Robe              ||     3
Dodge: Dodged            ||     1
